Map: Blackpink LE

Players

erle - Winner!

  • Race: Protoss Protoss
  • League: Platinum
  • Spawn Location: 7:00

axu

  • Race: Protoss Protoss
  • League: Platinum
  • Spawn Location: 1:00

VOD

Have the link to the VOD?

Description

Time

  • Played on: Jan. 11, 2018, 12:12 p.m.
  • Length: 15:30
Show
View Real Time Build Order
Export as new Build Order

erle Protoss - Winner!

Build Orders:  

Get SALT Encoding   

  12  0:01  Probe  
  13  0:13  Probe  
  14  0:18  Pylon  
  14  0:25  Probe  
  15  0:37  Probe  
  15  0:39  Forge  
  16  0:49  Probe  
  17  0:56  Pylon  
  17  1:01  Probe  
  18  1:07  Pylon  
  18  1:13  Probe  
  19  1:21  Pylon  
  19  1:27  Photon Cannon  
  19  1:35  Probe  
  20  1:40  Photon Cannon  
  20  1:54  Probe  
  20  1:57  Pylon  
  21  2:04  Gateway  
  21  2:09  Probe  
  21  2:18  Photon Cannon  
  21  2:22  Probe  
  22  2:31  Photon Cannon  
  22  2:35  Probe  
  22  2:42  Assimilator  
  22  2:46  Assimilator  
  22  2:50  Probe  
  23  3:03  Probe  
  23  3:04  Nexus  
  24  3:09  Pylon  
  24  3:15  Probe  
  25  3:22  Cybernetics Core  
  25  3:35  Probe  
  26  3:52  Photon Cannon  
  26  3:58  Probe  
  27  4:05  Stargate  
  27  4:10  Probe  
  27  4:12  Shield Battery  
  27  4:16  Shield Battery  
  28  4:20  Shield Battery, Probe  
  29  4:24  Pylon  
  29  4:28  Probe  
  30  4:32  Probe  
  31  4:39  Stargate  
  31  4:41  Probe  
  32  4:47  Pylon  
  32  4:51  Probe  
  33  4:53  Probe  
  33  4:57  Void Ray (Chrono Boost)  
  34  5:01  Pylon  
  38  5:08  Probe  
  38  5:09  Pylon  
  38  5:10  Probe  
  40  5:37  Probe x2  
  40  5:39  Void Ray  
  46  5:48  Protoss Air Weapons Level 1  
  46  5:50  Pylon, Probe x2  
  46  5:54  Assimilator  
  46  5:56  Assimilator, Photon Cannon  
  48  6:04  Photon Cannon  
  48  6:09  Pylon  
  48  6:16  Probe x2  
  50  6:18  Void Ray  
  54  6:31  Probe x2  
  60  6:43  Void Ray (Chrono Boost)  
  60  6:58  Void Ray (Chrono Boost)  
  60  7:02  Stargate  
  60  7:05  Probe x2  
  66  7:16  Nexus  
  66  7:21  Void Ray (Chrono Boost), Pylon  
  70  7:41  Fleet Beacon  
  70  7:42  Probe  
  70  7:43  Probe  
  72  7:46  Void Ray  
  76  7:59  Pylon  
  76  8:13  Void Ray  
  76  8:16  Void Ray  
  84  8:24  Probe  
  84  8:25  Probe  
  86  8:30  Assimilator  
  86  8:34  Assimilator  
  86  8:37  Nexus  
  86  8:40  Pylon  
  86  8:51  Carrier  
  86  8:54  Probe  
  94  8:55  Probe  
  94  8:58  Probe  
  95  9:04  Cybernetics Core  
  95  9:07  Probe  
  96  9:17  Carrier  
  96  9:19  Probe  
  96  9:20  Probe  
  104  9:36  Protoss Air Armor Level 1  
  104  9:42  Stargate  
  104  9:46  Carrier  
  110  9:56  Probe  
  110  9:57  Probe x2  
  113  10:00  Probe  
  113  10:06  Assimilator  
  114  10:12  Probe  
  114  10:13  Mothership  
  123  10:24  Probe  
  124  10:36  Probe  
  125  10:45  Assimilator, Carrier  
  125  10:48  Probe  
  132  10:50  Stargate  
  132  11:01  Protoss Air Weapons Level 2  
  132  11:04  Graviton Catapult  
  132  11:11  Carrier  
  132  11:15  Pylon  
  132  11:18  Pylon  
  138  11:20  Pylon  
  138  11:22  Pylon  
  138  11:24  Pylon  
  138  11:30  Pylon  
  138  11:33  Carrier  
  138  11:38  Pylon  
  138  11:39  Carrier  
  149  11:56  Carrier  
  155  12:03  Nexus  
  155  12:07  Pylon  
  155  12:17  Protoss Air Armor Level 2  
  155  12:24  Carrier  
  155  12:29  Stargate  
  161  12:31  Probe  
  162  12:49  Carrier  
  168  13:01  Stargate  
  168  13:03  Carrier  
  174  13:08  Carrier  
  180  13:32  Carrier  
  180  13:33  Carrier  
  192  13:50  Carrier  
Show
View Real Time Build Order
Export as new Build Order

axu Protoss 

Build Orders:  

Get SALT Encoding   

  12  0:01  Probe  
  13  0:13  Probe  
  14  0:20  Pylon  
  14  0:25  Probe  
  15  0:40  Gateway, Probe  
  16  0:50  Assimilator  
  16  0:52  Probe  
  17  1:02  Assimilator  
  17  1:08  Gateway  
  17  1:27  Cybernetics Core  
  17  1:29  Zealot  
  19  1:52  Probe  
  20  2:04  Probe  
  21  2:11  Warp Gate (Chrono Boost)  
  21  2:22  Probe  
  22  2:33  Pylon  
  22  2:34  Probe  
  23  2:45  Pylon  
  23  2:51  Stalker x2  
  27  2:54  Probe  
  28  3:06  Probe  
  29  3:19  Probe  
  30  3:29  Robotics Facility  
  30  3:31  Probe  
  31  3:42  Pylon  
  31  3:43  Stalker x2 (Chrono Boost)  
  35  4:12  Nexus  
  35  4:13  Pylon  
  35  4:19  Probe  
  35  4:22  Immortal (Chrono Boost)  
  36  4:28  Sentry x2  
  44  4:34  Gateway  
  44  4:47  Pylon  
  44  4:54  Probe  
  44  4:55  Shield Battery  
  44  4:56  Shield Battery  
  45  5:06  Probe  
  38  5:24  Stalker x2  
  34  5:31  Immortal  
  36  5:39  Probe x2  
  38  5:51  Probe x2  
  40  6:03  Probe x2  
  42  6:08  Assimilator  
  42  6:10  Assimilator  
  42  6:15  Forge  
  42  6:16  Immortal (Chrono Boost)  
  46  6:32  Stalker  
  46  6:33  Stalker x2  
  52  6:51  Immortal  
  56  6:58  Protoss Ground Weapons Level 1  
  56  7:01  Forge  
  56  7:04  Probe x2  
  56  7:06  Pylon  
  58  7:09  Pylon  
  58  7:16  Probe  
  58  7:18  Probe  
  60  7:28  Probe  
  61  7:30  Probe  
  62  7:40  Probe  
  62  7:42  Probe  
  64  7:45  Nexus  
  64  7:47  Observer  
  65  7:53  Probe  
  65  7:54  Probe  
  67  8:08  Stargate  
  67  8:09  Stargate  
  67  8:10  Probe x2  
  67  8:11  Stargate  
  69  8:16  Stalker  
  69  8:17  Stalker x2  
  75  8:22  Probe  
  75  8:23  Probe  
  75  8:24  Shield Battery  
  77  8:27  Shield Battery  
  77  8:35  Probe  
  77  8:39  Probe  
  79  8:47  Probe  
  80  8:51  Probe  
  80  8:53  Void Ray x2 (Chrono Boost)  
  89  8:59  Void Ray (Chrono Boost)  
  89  9:02  Assimilator  
  93  9:03  Assimilator  
  93  9:08  Pylon  
  93  9:10  Pylon  
  93  9:13  Pylon  
  93  9:27  Void Ray (Chrono Boost), Probe x2  
  93  9:28  Probe  
  100  9:35  Pylon  
  100  9:37  Pylon  
  100  9:39  Void Ray, Probe x2  
  100  9:40  Probe  
  107  9:49  Observer  
  107  9:51  Stalker x2  
  112  9:52  Stalker  
  114  10:03  Fleet Beacon  
  114  10:10  Void Ray (Chrono Boost)  
  118  10:17  Void Ray (Chrono Boost)  
  122  10:28  Void Ray (Chrono Boost)  
  122  10:30  Pylon  
  122  10:33  Pylon  
  126  10:38  Protoss Air Weapons Level 1 (Chrono Boost)  
  126  10:41  Pylon  
  126  10:43  Pylon  
  126  10:46  Observer  
  127  11:00  Void Ray x2  
  135  11:05  Probe x3  
  138  11:12  Void Ray  
  138  11:17  Probe x3  
  145  11:23  Cybernetics Core  
  145  11:40  Mothership  
  145  11:41  Nexus  
  153  12:00  Zealot x3  
  159  12:08  Gateway  
  159  12:09  Gateway  
  159  12:12  Gateway  
  159  12:13  Gateway  
  159  12:16  Gateway  
  159  12:22  Carrier  
  165  12:24  Carrier  
  171  12:35  Protoss Air Armor Level 1 (Chrono Boost), Protoss Air Weapons Level 2 (Chrono Boost)  
  171  12:36  Protoss Shields Level 1 (Chrono Boost)  
  171  12:56  Twilight Council  
  171  13:18  Zealot x5  
  171  13:19  Zealot x2  
  185  13:25  Assimilator  
  185  13:29  Assimilator  
  185  13:30  Pylon  
  185  13:31  Charge (Chrono Boost)  
  185  13:33  Pylon  
  185  13:35  Pylon  
  185  13:41  Carrier  
  185  13:47  Observer  
  185  13:48  Void Ray  
  196  13:49  Void Ray  
  192  14:04  Zealot  
  192  14:05  Zealot x6  
  192  14:06  Zealot  
  184  14:55  Shield Battery  
  184  14:56  Shield Battery  
  184  14:59  Shield Battery  
  146  15:01  Shield Battery  
  146  15:02  Shield Battery  
Tags
 
Add a new tag
Caveats
  • Supply blocks, unpowered buildings, or Contaminate may cause inaccurate times.
  • Supply counts are checked every 10 seconds.